 Dungeon Crawl Stone Soup version 0.29-a0-284-gf9362112df (webtiles) character file.

Game seed: 15004386750735247244

5988 zazu2006 the Spear-Bearer (level 10, 0/114 HPs)
             Began as a Gnoll Wanderer on Mar 29, 2022.
             Was a Follower of Vehumet.
             Hit by a javelin thrown by a centaur (11 damage)
             ... in a bailey.
             The game lasted 00:36:54 (14000 turns).

zazu2006 the Spear-Bearer (Gnoll Wanderer)         Turns: 14000, Time: 00:36:54

Health: 0/114      AC: 25    Str: 14    XL:     10   Next: 85%
Magic:  27/27      EV:  2    Int: 12    God:    Vehumet [*.....]
Gold:   431        SH:  5    Dex: 13    Spells: 20/20 levels left

rFire   . . .      SeeInvis +   a - +2 spear
rCold   . . .      Faith    .   c - +0 buckler
rNeg    . . .      Spirit   .   (body armour currently unavailable)
rPois   +          Reflect  .   (helmet currently unavailable)
rElec   .          Harm     .   (cloak currently unavailable)
rCorr   .          Rampage  .   (gloves currently unavailable)
Will    .....      NoTele   +   (boots currently unavailable)
Stlth   +++.......              (no amulet)
HPRegen 0.29/turn               C - ring of magical power
MPRegen 0.20/turn               m - ring of see invisible

@: tree-form
A: stationary, stasis, torment immunity, boosted hp, (fangs 1), strong nose,
distributed training
a: Renounce Religion


You were in a bailey.
You worshipped Vehumet.
Vehumet was aware of your devotion.
You were a tree.
You visited 2 branches of the dungeon, and saw 9 of its levels.
You also visited: Bailey.

You collected 431 gold pieces.

Inventory:

Hand Weapons
 a - a +2 spear (weapon)
 g - a +2 long sword
 h - a +0 dagger of electrocution
 p - a +0 vorpal hunting sling
 s - a +2 dagger of venom
 y - a +2 dire flail of protection
 J - a +3 mace
 K - a +3 dagger
Missiles
 i - 166 stones (quivered)
 l - 10 javelins
 u - 10 poisoned darts
 x - 4 boomerangs
Armour
 c - a +0 buckler (worn)
 e - a +0 leather armour (melded)
 n - a +2 pair of boots (melded)
 v - a +0 cloak (melded)
 F - a +1 pair of boots
Jewellery
 m - a ring of see invisible (right branch)
 z - an amulet of faith
 C - a ring of magical power (left branch)
Wands
 q - a wand of flame (1)
 G - a wand of iceblast (18)
Scrolls
 b - 3 scrolls of teleportation
 d - 3 scrolls of fog
 k - 2 scrolls of fear
 r - a scroll of vulnerability
 t - 2 scrolls of blinking
 w - a scroll of enchant armour
 A - a scroll of acquirement
 D - 2 scrolls of enchant weapon
 H - a scroll of immolation
Potions
 f - 4 potions of mutation
 o - 2 potions of curing
 B - a potion of flight
 I - 2 potions of attraction


   Skills:
 + Level 6.3 Fighting
 + Level 5.6 Short Blades
 + Level 5.6 Long Blades
 + Level 5.6 Axes
 + Level 5.6 Maces & Flails
 + Level 11.8 Polearms
 + Level 5.6 Staves
 + Level 5.6 Slings
 + Level 5.6 Bows
 + Level 5.6 Crossbows
 + Level 5.6 Throwing
 + Level 6.3 Armour
 + Level 5.6 Dodging
 + Level 5.6 Stealth
 + Level 6.3 Shields
 + Level 7.3 Unarmed Combat
 + Level 5.6 Spellcasting
 + Level 4.6 Conjurations
 + Level 4.6 Hexes
 + Level 4.6 Summonings
 + Level 4.6 Necromancy
 + Level 4.6 Translocations
 + Level 4.6 Transmutations
 + Level 4.6 Fire Magic
 + Level 4.6 Ice Magic
 + Level 4.6 Air Magic
 + Level 4.6 Earth Magic
 + Level 4.6 Poison Magic
 + Level 6.2 Invocations
 + Level 5.6 Evocations


You had 20 spell levels left.
You didn't know any spells.
Your spell library contained the following spells:

 Spells                   Type           Power      Damage    Failure   Level
 Foxfire                  Conj/Fire      56%        2x1d6     3%          1
 Freeze                   Ice            56%        1d7       3%          1
 Sting                    Tmut/Pois      56%        1d5       3%          1
 Poisonous Vapours        Pois/Air       28%        N/A       5%          2
 Dazzling Flash           Conj/Hex       28%        N/A       11%         3
 Frozen Ramparts          Ice            28%        1d4       11%         3
 Tukima's Dance           Hex            14%        N/A       11%         3
 Anguish                  Hex/Necr       7%         N/A       34%         4
 Hailstorm                Conj/Ice       14%        3d5       34%         4
 Olgreb's Toxic Radiance  Pois           14%        N/A       34%         4
 Agony                    Necr           14%        N/A       67%         5
 Silence                  Hex/Air        7%         N/A       67%         5
 Enfeeble                 Hex            7%         N/A       100%        7


Dungeon Overview and Level Annotations

Branches:
Dungeon (8/15)             Temple (1/1) D:7          Bailey (1/1)
   Lair: D:8-11

Altars:
Ashenzari
Cheibriados
Dithmenos
Elyvilon
Fedhas
Gozag
Hepliaklqana
Kikubaaqudgha
Makhleb
Nemelex Xobeh
Okawaru
Qazlal
Ru
Sif Muna
Trog
Uskayaw
Vehumet
Wu Jian
Xom
Yredelemnul
Zin
The Shining One
Beogh

Shops:
D:6 *

Annotations:
D:5 3 runed translucent doors, hgbash's ghost, novice DsBe


Innate Abilities, Weirdness & Mutations

You are a tree.
Your roots penetrate the ground, keeping you stationary.
You cannot be teleported.
You are immune to unholy pain and torment.
Your maximum health is greatly increased.
Your equipment is partially melded.
((You have very sharp teeth.))
Your uncanny sense of smell can sniff out nearby items.
Your experience applies equally to all skills.


Message History

You barely miss the centaur.
The centaur is lightly wounded.
The centaur hits you but does no damage. x2
The centaur kicks you but does no damage.
You hit the centaur.
The centaur is lightly wounded.
The centaur hits you from afar with a +0 spear.
* * * LOW HITPOINT WARNING * * *
You hit the centaur but do no damage.
The centaur is lightly wounded.
The centaur hits you but does no damage.
The centaur kicks you but does no damage.
The centaur hits you from afar with a +0 spear.
* * * LOW HITPOINT WARNING * * *
Aiming: Iceblast
Press: ? - help, Shift-Dir - straight line, p - centaur The mass of ice explodes!
The iceblast engulfs the centaur!
The centaur is severely wounded.
The centaur barely misses you.
The centaur kicks you but does no damage.
You block the centaur's attack. x2
The centaur kicks you but does no damage.
Unknown command.
Unknown command.
Aiming: Iceblast
Press: ? - help, Shift-Dir - straight line The mass of ice explodes!
The iceblast engulfs the centaur!!
You kill the centaur!
Vehumet accepts your kill.
The centaur hits you from afar with a +0 spear.
* * * LOW HITPOINT WARNING * * *
The centaur hits you but does no damage.
Unknown command.
Aiming: Iceblast
Press: ? - help, Shift-Dir - straight line, f - centaur
Aim: a centaur, wielding a +0 spear, wearing a +0 scale mail and quivering javelins The mass of ice explodes!
The iceblast engulfs the centaur!!
The centaur is almost dead.
The centaur throws a javelin.
The javelin pierces through you!
You die...

......≈≈≈≈≈≈≈≈###............)...
≈≈≈≈≈≈..≈≈≈≈≈≈≈#......)⌠#########
.....≈≈≈..≈≈≈≈≈#....#####........
.......≈≈≈.≈≈≈≈#...##....≈≈≈≈≈≈≈≈
.....c...≈.≈≈≈≈#...#.⌠.≈≈≈.......
.......⌠.≈≈.≈≈≈#...#..≈≈..≈≈≈≈≈≈≈
....).....≈.≈≈≈#.)⌠#.≈≈.≈≈≈.....≈
≈≈≈≈≈≈....≈≈.≈≈#..##.≈.≈≈.)≈≈≈≈≈.
≈≈≈≈)≈≈≈...#####♣.#.≈≈.≈.≈≈≈...≈≈
≈≈≈≈≈≈≈≈≈.....c)..#.≈.≈≈.≈..⌠.⌠..
≈))?≈≈≈≈≈......'..#.≈...)≈..∩∩∩..
≈≈≈≈≈≈≈≈≈.)....'..#.≈.≈≈)≈..⌠.⌠..
≈≈≈≈≈≈≈≈...#####..#.≈≈.≈.≈≈≈...≈≈
≈≈≈≈≈≈....≈≈)≈≈#..##)≈.≈≈..≈≈≈≈≈.
..........≈)≈≈≈#.)⌠#.≈≈.≈≈≈.....≈
.....⌠.≈≈.≈≈≈#...#.)≈≈..≈≈≈≈≈≈≈
.......≈.≈≈≈≈#.).#.⌠.≈≈≈....)).


You could see a centaur.

Vanquished Creatures
  Pikel (D:5)
  A shadow (D:6)
  A yak (D:8)
  A wyvern (D:8)
  A steam dragon (D:7)
  Edmund (D:5)
  Duvessa (D:5)
  An ice beast (D:7)
  10 orc warriors
  2 black bears
  3 sky beasts
  9 centaurs
  A lemure (D:6)
  2 phantoms
  5 bullfrogs
  2 necrophages
  4 scorpions
  7 wights
  Dowan (D:5)
  A howler monkey (D:5)
  11 hounds
  4 orc priests
  2 jellies
  4 gnoll shamans
  Ijyb (D:3)
  An iguana (D:6)
  12 orc wizards
  8 adders
  17 gnolls
  2 shadow imps
  2 white imps (D:6)
  3 ufetubi
  2 worms (D:2)
  3 dart slugs
  47 orcs
  5 endoplasms
  2 giant cockroaches (D:1)
  9 goblins
  5 hobgoblins
  4 jackals (D:1)
  2 quokkas
  9 ball pythons
  4 bats
  5 frilled lizards
  9 kobolds
  7 rats
235 creatures vanquished.

Vanquished Creatures (others)
  An orc (D:3)
1 creature vanquished.

Grand Total: 236 creatures vanquished

Notes
Turn   | Place    | Note
-------+----------+-------------------------------------------
     0 | D:1      | Reached skill level 10 in Polearms
     0 | D:1      | zazu2006 the Gnoll Wanderer began the quest for the Orb.
     0 | D:1      | zazu2006 set off with the following items: a +2 spear, a
                  | scroll of teleportation, a +0 buckler, a scroll of fog, a
                  | +0 leather armour
     0 | D:1      | Reached XP level 1. HP: 17/17 MP: 1/1
    67 | D:1      | Reached XP level 2. HP: 22/23 MP: 2/2
   290 | D:1      | Found a faded altar of an unknown god.
   661 | D:1      | Reached XP level 3. HP: 27/28 MP: 3/3
   829 | D:2      | Reached skill level 1 in Invocations
  1054 | D:2      | Reached skill level 1 in Short Blades
  1054 | D:2      | Reached skill level 1 in Long Blades
  1054 | D:2      | Reached skill level 1 in Axes
  1054 | D:2      | Reached skill level 1 in Maces & Flails
  1054 | D:2      | Reached skill level 1 in Staves
  1054 | D:2      | Reached skill level 1 in Slings
  1054 | D:2      | Reached skill level 1 in Bows
  1054 | D:2      | Reached skill level 1 in Crossbows
  1054 | D:2      | Reached skill level 1 in Throwing
  1054 | D:2      | Reached skill level 1 in Dodging
  1054 | D:2      | Reached skill level 1 in Stealth
  1054 | D:2      | Reached skill level 1 in Spellcasting
  1054 | D:2      | Reached skill level 1 in Evocations
  1149 | D:2      | Reached XP level 4. HP: 34/34 MP: 5/5
  1684 | D:3      | Noticed Ijyb
  1698 | D:3      | Killed Ijyb
  1699 | D:3      | Reached skill level 1 in Conjurations
  1699 | D:3      | Reached skill level 1 in Hexes
  1699 | D:3      | Reached skill level 1 in Summonings
  1699 | D:3      | Reached skill level 1 in Necromancy
  1699 | D:3      | Reached skill level 1 in Translocations
  1699 | D:3      | Reached skill level 1 in Transmutations
  1699 | D:3      | Reached skill level 1 in Fire Magic
  1699 | D:3      | Reached skill level 1 in Ice Magic
  1699 | D:3      | Reached skill level 1 in Air Magic
  1699 | D:3      | Reached skill level 1 in Earth Magic
  1699 | D:3      | Reached skill level 1 in Poison Magic
  1927 | D:3      | Noticed a scorpion
  1934 | D:3      | Killed a scorpion
  1935 | D:3      | Reached XP level 5. HP: 41/41 MP: 5/7
  2974 | D:4      | Reached XP level 6. HP: 44/47 MP: 8/8
  3027 | D:4      | Reached skill level 5 in Unarmed Combat
  3610 | D:4      | Noticed an orc warrior
  3622 | D:4      | Killed an orc warrior
  3623 | D:4      | Reached XP level 7. HP: 29/52 MP: 10/10
  4437 | D:5      | Entered Level 5 of the Dungeon
  5247 | D:5      | Noticed Edmund
  5259 | D:5      | Reached XP level 8. HP: 42/60 MP: 12/12
  5276 | D:5      | Killed Edmund
  5630 | D:5      | Noticed Duvessa
  5630 | D:5      | Noticed Dowan
  5922 | D:5      | Killed Duvessa
  5923 | D:5      | Reached skill level 11 in Polearms
  6070 | D:5      | Killed Dowan
  6221 | D:5      | Found a runed translucent gate.
  6223 | D:5      | Found a runed translucent gate.
  6223 | D:5      | Found a runed translucent gate.
  6226 | D:5      | Noticed hgbash's ghost (novice DsBe)
  7099 | D:6      | Noticed Pikel
  7134 | D:5      | Killed Pikel
  7135 | D:5      | Reached XP level 9. HP: 28/67 MP: 14/14
  7725 | D:6      | Found Copsor's Assorted Antiques.
  7792 | D:6      | Reached skill level 5 in Fighting
  7792 | D:6      | Reached skill level 5 in Armour
  7792 | D:6      | Reached skill level 5 in Shields
  8164 | D:6      | Reached skill level 5 in Invocations
  8980 | D:7      | Reached XP level 10. HP: 66/74 MP: 17/17
  9796 | D:7      | Found a basalt altar of Yredelemnul.
  9843 | D:7      | Reached skill level 5 in Short Blades
  9843 | D:7      | Reached skill level 5 in Long Blades
  9843 | D:7      | Reached skill level 5 in Axes
  9843 | D:7      | Reached skill level 5 in Maces & Flails
  9843 | D:7      | Reached skill level 5 in Staves
  9843 | D:7      | Reached skill level 5 in Slings
  9843 | D:7      | Reached skill level 5 in Bows
  9843 | D:7      | Reached skill level 5 in Crossbows
  9843 | D:7      | Reached skill level 5 in Throwing
  9843 | D:7      | Reached skill level 5 in Dodging
  9843 | D:7      | Reached skill level 5 in Stealth
  9843 | D:7      | Reached skill level 5 in Spellcasting
  9843 | D:7      | Reached skill level 5 in Evocations
 10769 | D:7      | Found a staircase to the Ecumenical Temple.
 10780 | Temple   | Entered the Ecumenical Temple
 10892 | Temple   | Became a worshipper of Vehumet
 11092 | D:8      | Identified a scroll of acquirement
 11361 | D:8      | Found a flagged portal.
 11512 | Bailey   | Entered a bailey
 11601 | Bailey   | Reached * piety under Vehumet
 11601 | Bailey   | Offered knowledge of Foxfire by Vehumet.
 14000 | Bailey   | Hit by a javelin thrown by a centaur

Illustrated notes

Levels and vault maps discovered:
D:1:      erik_arrival_blinker_ship, layout_basic, basic_ecumenical_altar
D:2:      layout_loops_cross, nicolae_concentric_dashed_squares_mild,
          minmay_heptomino_o4
D:3:      layout_basic, uniq_ijyb
D:4:      layout_loops_ring, serial_co_window_serial, co_window_paths_a,
          co_window_of_opportunity_a, co_window_corner_a, co_window_paths_a,
          co_window_paths_a, co_window_broadway_b, co_window_corner_cb,
          co_window_corner_b, st_stairs_13, minmay_pentomino_pile
D:5:      layout_loops_ring, biasface_ghost_orc_armoury,
          hellmonk_bongcloud_opening, kennysheep_crisscross, uniq_edmund,
          uniq_duvessa
D:6:      layout_rooms, serial_shops, nicolae_shop_crystal,
          serial_park_tiny_pond, minivault_26, minmay_joined_circles, uniq_pikel
D:7:      layout_loops_corners, mainiacjoe_overflow_six_doors_small, temple_hall
D:8:      layout_basic, enter_bailey_5, uniq_erica
Temple:   kilobyte_greek_temple
Bailey:   bailey_polearm_flooded_kennysheep, bailey

Skill      XL: |  1  2  3  4  5  6  7  8  9 10 |
---------------+-------------------------------+-----
Polearms       | 11 | 11.8
Invocations    | 1 2 3 4 5 6 |  6.2
Short Blades   | 1 2 3 4 5 |  5.6
Long Blades    | 1 2 3 4 5 |  5.6
Axes           | 1 2 3 4 5 |  5.6
Maces & Flails | 1 2 3 4 5 |  5.6
Staves         | 1 2 3 4 5 |  5.6
Slings         | 1 2 3 4 5 |  5.6
Bows           | 1 2 3 4 5 |  5.6
Crossbows      | 1 2 3 4 5 |  5.6
Throwing       | 1 2 3 4 5 |  5.6
Dodging        | 1 2 3 4 5 |  5.6
Stealth        | 1 2 3 4 5 |  5.6
Spellcasting   | 1 2 3 4 5 |  5.6
Evocations     | 1 2 3 4 5 |  5.6
Conjurations   | 1 2 3 4 |  4.6
Hexes          | 1 2 3 4 |  4.6
Summonings     | 1 2 3 4 |  4.6
Necromancy     | 1 2 3 4 |  4.6
Translocations | 1 2 3 4 |  4.6
Transmutations | 1 2 3 4 |  4.6
Fire Magic     | 1 2 3 4 |  4.6
Ice Magic      | 1 2 3 4 |  4.6
Air Magic      | 1 2 3 4 |  4.6
Earth Magic    | 1 2 3 4 |  4.6
Poison Magic   | 1 2 3 4 |  4.6
Fighting       | 3 4 5 6 |  6.3
Armour         | 3 4 5 6 |  6.3
Shields        | 3 4 5 6 |  6.3
Unarmed Combat | 5 6 7 |  7.3

Action                   |  1- 3 |  4- 6 |  7- 9 | 10-12 || total
-------------------------+-------+-------+-------+-------++-------
Melee: Spear             |   106 |   185 |   623 |   476 ||  1390
       Bite              |     3 |    17 |    82 |    60 ||   162
       Dagger            |       |       |       |    83 ||    83
 Fire: Hunting sling     |       |       |       |    64 ||    64
Throw: Dart              |       |     4 |    14 |    11 ||    29
       Throwing net      |       |       |     3 |     1 ||     4
       Stone             |       |       |     1 |       ||     1
       Boomerang         |       |       |       |     4 ||     4
Evoke: Wand              |       |     4 |     4 |    20 ||    28
  Use: Potion            |       |     1 |       |     4 ||     5
       Scroll            |       |     6 |     6 |     3 ||    15
 Stab: Sleeping          |     2 |     3 |    11 |     3 ||    19
       Distracted        |     1 |       |     1 |       ||     2
       Held in net/web   |       |       |     3 |       ||     3
Armor: Leather armour    |    19 |    21 |    93 |    77 ||   210
       Skin              |       |       |       |    14 ||    14
Dodge: Dodged            |    30 |    54 |   148 |   217 ||   449
Block: Buckler           |    13 |     9 |    65 |    85 ||   172

Table legend: (Time is in decaauts)
 A = Elapsed time spent in this place.
 B = Non-inter-level travel time spent in this place.
 C = Inter-level travel time spent in this place.
 D = Time resting spent in this place.
 E = Time spent auto-exploring this place.
 F = Levels seen in this place.
 G = Mean time per level.
                   A        B        C        D        E       F      G
               +--------+--------+--------+--------+--------+-----+--------+
         Total |  13421 |  13182 |    239 |   2152 |   8376 |  10 | 1342.1 |
       Dungeon |  10848 |  10650 |    198 |   1272 |   7264 |   8 | 1356.0 |
        Temple |    152 |    112 |     40 |      0 |    101 |   1 |  152.0 |
        Bailey |   2420 |   2420 |      0 |    880 |   1011 |   1 | 2420.0 |
               +--------+--------+--------+--------+--------+-----+--------+

Top non-repeatable levels by time:
  Bailey: 2420 daAuts
     D:5: 2336 daAuts
     D:4: 2044 daAuts
     D:7: 1991 daAuts
     D:6: 1490 daAuts
     D:3: 960 daAuts
     D:2: 843 daAuts
     D:1: 776 daAuts
     D:8: 403 daAuts
  Temple: 152 daAuts
